AoeStats
← Leka

Arena

505538756Analyzed
1v1 RM · 23d ago on Sep 9, 2026· 42m 26s· 2 players
Game mode
Random Map
Map size
Tiny (2 player)
Population
200
Speed
Normal
Resources
Standard
Victory
Conquest
Starting age
Dark Age
Ending age
Imperial Age
RankedLock teamsTeams togetherTeam positionsShared explorationLock speedFull tech treeHidden civsTurbo modeCheats
Victory
Defeat
🇦🇷 Burgundians · Argentina
1057
+15
🇫🇮 Spanish · Finland
1046
-15
Leka
6:58 Loom
7:40 Loom
7:51 Loom
9:50 Feudal Age
11:03 Double-Bit Axe
12:04 Horse Collar
18:59 Castle Age
17:12 Stone Mining
17:33 Scale Barding Armor
18:26 Bloodlines
20:21 Heavy Plow
20:33 Bow Saw
27:25 Fervor
27:49 Town Watch
28:38 Husbandry
30:37 Wheelbarrow
30:18 Padded Archer Armor
31:00 Town Patrol
31:17 Inquisition
31:39 Ballistics
32:12 Leather Archer Armor
31:34 Light Cavalry
32:41 Masonry
35:50 Imperial Age
33:12 Gold Mining
36:22 Hussar
37:27 Chain Barding Armor
37:18 Forging
38:59 Chemistry
39:17 Elite Conquistador
R O B I N
8:53 Horse Collar
12:12 Feudal Age
16:18 Castle Age
15:41 Double-Bit Axe
16:47 Bow Saw
22:44 Wheelbarrow
22:40 Heavy Plow
22:23 Cavalier
23:04 Husbandry
23:57 Gold Mining
26:09 Scale Barding Armor
26:15 Forging
26:00 Stone Mining
27:13 Elite Skirmisher
28:38 Padded Archer Armor
28:30 Fletching
32:52 Imperial Age
30:20 Loom
31:11 Chain Barding Armor
32:25 Two-Man Saw
32:36 Ballistics
32:54 Crop Rotation
34:40 Chemistry
33:59 Paladin
36:07 Bodkin Arrow
36:27 Leather Archer Armor
36:25 Light Cavalry
38:02 Conscription
40:16 Hussar
Connection lost

Rejoining the realm…

Still unreachable

The connection could not be restored.

Session expired

The server has moved on; the page needs a fresh start.